 Dungeon Crawl Stone Soup version 0.30-a0-313-gae38170b09 (webtiles) character file.

Game seed: 16020204985772226518

149 Bnni the Insei (level 5, -6/51 HPs)
             Began as an Octopode Transmuter on Oct 26, 2022.
             Constricted to death by Ijyb (7 damage)
             ... on level 3 of the Dungeon.
             The game lasted 00:03:15 (1870 turns).

Bnni the Insei (Octopode Transmuter)                Turns: 1870, Time: 00:03:15

Health: -6/51      AC: 22    Str:  9    XL:     5   Next: 31%
Magic:  7/9        EV: -1    Int: 18    God:
Gold:   86         SH:  0    Dex: 12    Spells: 3/9 levels left

rFire   . . .      SeeInvis .      - Unarmed
rCold   . . .      Faith    .    (no shield)
rNeg    . . .      Spirit   .    (helmet currently unavailable)
rPois   +          Reflect  .    (no amulet)
rElec   .          Harm     .    (no ring)
rCorr   .          Rampage  .    (no ring)
Will    .....      NoTele   +    (no ring)
Stlth   +.........               (no ring)
HPRegen 0.28/turn                (no ring)
MPRegen 0.11/turn                (no ring)
                                 (no ring)
                                 (no ring)

@: tree-form, wereblooded, grasped by roots, slowed, constricted, very slow
A: stationary, stasis, torment immunity, boosted hp, almost no armour,
(amphibious), 8 rings, (camouflage 1), (gelatinous body 1), (nimble swimmer 1),
(tentacles)
a: no special abilities


You were on level 3 of the Dungeon.
You were a tree.
You visited 1 branch of the dungeon, and saw 3 of its levels.

You collected 86 gold pieces.

Inventory:

Scrolls
 b - 2 scrolls of blinking {unknown}
 c - a scroll of identify {unknown}
 d - a scroll of fog {unknown}
 f - a scroll of torment {unknown}
 g - a scroll of magic mapping {unknown}
 h - 3 scrolls of enchant weapon {unknown}
 i - a scroll of summoning {unknown}
 j - a scroll of fear {unknown}
 l - a scroll of immolation {unknown}
 m - a scroll of poison {unknown}
Potions
 e - a potion of mutation {unknown}
 k - 3 potions of heal wounds {unknown}
 n - a potion of attraction {unknown}


   Skills:
 + Level 2.0 Fighting
 - Level 2.0 Dodging
 * Level 4.1 Unarmed Combat
 + Level 2.6 Spellcasting
 * Level 3.5 Transmutations


You had 3 spell levels left.
You knew the following spells:

 Your Spells              Type           Power      Damage    Failure   Level
a - Beastly Appendage     Tmut           30%        N/A       4%          1
b - Wereblood             Tmut           15%        N/A       6%          2
c - Spider Form           Tmut/Pois      8%         N/A       24%         3

Your spell library contained the following spells:

 Spells                   Type           Power      Damage    Failure   Level
 Ice Form                 Ice/Tmut       8%         N/A       63%         4


Dungeon Overview and Level Annotations

Branches:
Dungeon (3/15)

Altars:

Annotations:
D:3 Ijyb, Natasha


Innate Abilities, Weirdness & Mutations

You are a tree.
Your roots penetrate the ground, keeping you stationary.
You cannot be teleported.
You are immune to unholy pain and torment.
Your maximum health is greatly increased.
You cannot wear most types of armour.
((You are amphibious.))
You can wear up to eight rings at the same time.
((Your skin changes colour to match your surroundings (Stealth+).))
((Your rubbery body absorbs attacks. (AC +1, EV +1)))
((You are camouflaged when in or above water. (Stealth+)))
((You have tentacles for arms and can constrict up to eight enemies at once.))


Message History

The orc hits you but does no damage. The rat bites you but does no damage.
The orc hits you but does no damage.
You hit the orc.
You feel a bit better.
You kill the orc!
Natasha casts a spell at you.
The magic dart hits you but does no damage.
The rat bites you but does no damage. The orc hits you but does no damage. x2
Unknown command.
You smack the rat!
You feel a bit better.
You kill the rat!
Natasha claws you but does no damage. The orc hits you but does no damage. x2
The quokka bites you but does no damage.
Unknown command.
You smack the quokka!
You feel a bit better.
You kill the quokka!
Natasha casts a spell at you.
You feel as though you will be slow longer.
The orc hits you with a +0 flail.
* * * LOW HITPOINT WARNING * * *
The orc barely misses you.
Ijyb zaps a wand.
The roots erupt in riotous growth!
The grasping roots grab you!
The orc is unaffected.
Natasha is unaffected.
The orc is unaffected. x2
Ijyb is unaffected.
The grasping roots constrict you.
Natasha stares at you and mumbles some strange words.
The magic dart hits you but does no damage.
The orc hits you but does no damage. x3; Ijyb hits you but does no damage.
The grasping roots constrict you.
* * * LOW HITPOINT WARNING * * *
You hear a shout! x4
You hit Natasha.
Natasha is moderately wounded.
You creak as the wereblood boils in your veins!
Natasha stares at you and mumbles some strange words.
You feel as though you will be slow longer.
The orc hits you with a +0 morningstar.
* * * LOW HITPOINT WARNING * * *
The orc hits you but does no damage. Ijyb hits you with a +0 dagger.
* * * LOW HITPOINT WARNING * * *
The grasping roots constrict you!
You die...

g... .........
#.....#####... #
##..##.....##. .#
....#..#.<..# ..#
....#.......#...#
....#.<._.#......
....#.......#...#
....#.o#g<..#..#
#o♣o[.##.##
.....5h#####..#
..............#
..............#
..!...##.......#
...... ##.......#
...... #.......#
.(.... $......


You could see Ijyb, an iron imp (summoned), Natasha and 3 orcs.

Vanquished Creatures
  Terence (D:2)
  An orc wizard (D:3)
  4 adders (D:2)
  A worm (D:2)
  2 dart slugs (D:1)
  2 orcs (D:3)
  7 ball pythons
  3 endoplasms
  2 giant cockroaches
  5 goblins
  4 hobgoblins
  7 kobolds
  3 quokkas
  5 bats (D:1)
  4 frilled lizards (D:1)
  7 rats
58 creatures vanquished.

Notes
Turn   | Place    | Note
-------+----------+-------------------------------------------
     0 | D:1      | Bnni the Octopode Transmuter began the quest for the Orb.
     0 | D:1      | Reached XP level 1. HP: 13/13 MP: 3/3
    39 | D:1      | Reached XP level 2. HP: 11/18 MP: 5/5
    83 | D:1      | Learned a level 2 spell: Wereblood
   644 | D:1      | Reached XP level 3. HP: 23/23 MP: 3/6
  1150 | D:2      | Learned a level 3 spell: Spider Form
  1162 | D:2      | Noticed Terence
  1170 | D:2      | Killed Terence
  1171 | D:2      | Reached XP level 4. HP: 6/28 MP: 5/7
  1756 | D:2      | Reached XP level 5. HP: 14/34 MP: 5/8
  1852 | D:3      | Found a faded altar of an unknown god.
  1853 | D:3      | Noticed Ijyb
  1854 | D:3      | Noticed Natasha
  1863 | D:3      | Reached skill level 4 in Unarmed Combat
  1870 | D:3      | HP: 1/51 [Ijyb/+0 dagger (4)]
  1870 | D:3      | Constricted to death by Ijyb

Illustrated notes

Levels and vault maps discovered:
D:1:      dpeg_arrival_tiny_h, layout_basic, minmay_misc_feat_doors,
          minmay_split_cup_large
D:2:      layout_rooms, uniq_terence
D:3:      layout_rooms, tso_metal_star, grunt_qazlal_sundering,
          nicolae_ecumenical_pavilion, saegor_snake_ambush, uniq_robin,
          uniq_natasha, uniq_ijyb

Skill      XL: |  1  2  3  4  5 |
---------------+----------------+-----
Transmutations | 3 |  3.5
Fighting       | 2 |  2.0
Unarmed Combat | 4 |  4.1
Dodging        | |  2.0
Spellcasting   | |  2.6

Action                   |  1- 3 |  4- 6 || total
-------------------------+-------+-------++-------
Melee: Unarmed           |    74 |    55 ||   129
       Tentacles         |    14 |    13 ||    27
       Constrict         |    19 |    12 ||    31
       Punch             |     2 |     2 ||     4
 Cast: Wereblood         |     3 |     4 ||     7
       Beastly Appendage |       |     1 ||     1
  Use: Potion            |       |     1 ||     1
 Stab: Sleeping          |     6 |       ||     6
Armor: Skin              |    12 |    33 ||    45
Dodge: Dodged            |    54 |    47 ||   101

Table legend: (Time is in decaauts)
 A = Elapsed time spent in this place.
 B = Non-inter-level travel time spent in this place.
 C = Inter-level travel time spent in this place.
 D = Time resting spent in this place.
 E = Time spent auto-exploring this place.
 F = Levels seen in this place.
 G = Mean time per level.
                   A        B        C        D        E       F      G
               +--------+--------+--------+--------+--------+-----+--------+
         Total |   1863 |   1801 |     62 |    170 |   1326 |   3 |  621.0 |
       Dungeon |   1863 |   1801 |     62 |    170 |   1326 |   3 |  621.0 |
               +--------+--------+--------+--------+--------+-----+--------+

Top non-repeatable levels by time:
     D:1: 1138 daAuts
     D:2: 706 daAuts
     D:3: 18 daAuts
